[ PARTIDA AOE2 · #463231124 ]
Team RMYurchen vs Wei
Equipo del jugador · DERR
[ ANÁLISIS DE REPETICIÓN · EXTRAÍDO DE LA PARTIDA GRABADA ]
Feudal
13:59
Castillos
17:54
Imperial
37:52
| APM promedio | 48.2 |
| APM pico | 110 |
| eAPM promedio | 33.6 |
| Aldeanos / militares | 247 / 88 |
Foco
⚔️ 37.3% · 🌾 62.7%
Steppe Lancer ×81 · Fishing Ship ×7 · Monk ×4 · Scorpion ×2 · Battering Ram ×1
Feudal
12:44
Castillos
16:39
Imperial
33:44
| APM promedio | 48.5 |
| APM pico | 74 |
| eAPM promedio | 28.4 |
| Aldeanos / militares | 196 / 271 |
Foco
⚔️ 37.4% · 🌾 62.6%
Chu Ko Nu ×247 · Battering Ram ×19 · Fishing Ship ×5 · Trebuchet (Packed) ×4 · Fire Galley ×1
Feudal
12:03
Castillos
20:04
Imperial
33:31
| APM promedio | 47.9 |
| APM pico | 110 |
| eAPM promedio | 26.7 |
| Aldeanos / militares | 140 / 288 |
Foco
⚔️ 47.3% · 🌾 52.7%
Knight ×146 · Scout Cavalry ×133 · Fishing Ship ×17 · Galley ×9 · Unknown (2626) ×2
Feudal
11:23
Castillos
24:13
Imperial
47:22
| APM promedio | 37.3 |
| APM pico | 79 |
| eAPM promedio | 21.2 |
| Aldeanos / militares | 135 / 113 |
Foco
⚔️ 32.9% · 🌾 67.1%
Archer ×111 · Fishing Ship ×18 · Unknown (1959) ×4 · Militia ×2
Feudal
12:07
Castillos
19:51
Imperial
—
| APM promedio | 29.5 |
| APM pico | 87 |
| eAPM promedio | 15.4 |
| Aldeanos / militares | 49 / 14 |
Foco
⚔️ 22.6% · 🌾 77.4%
Monk ×10 · Fishing Ship ×4 · Archer ×3 · Unknown (2550) ×1 · Demolition Raft ×1
Feudal
12:58
Castillos
16:29
Imperial
33:24
| APM promedio | 33.2 |
| APM pico | 59 |
| eAPM promedio | 25.1 |
| Aldeanos / militares | 150 / 289 |
Foco
⚔️ 37.1% · 🌾 62.9%
Berserk ×100 · Militia ×64 · Archer ×50 · Fishing Ship ×47 · Skirmisher ×46 · Battering Ram ×11
Feudal
13:32
Castillos
17:18
Imperial
39:12
| APM promedio | 31.0 |
| APM pico | 78 |
| eAPM promedio | 20.6 |
| Aldeanos / militares | 128 / 52 |
Foco
⚔️ 30.0% · 🌾 70.0%
Knight ×41 · Fishing Ship ×6 · Monk ×5 · Militia ×2 · Mangonel ×2 · Serjeant ×2
Feudal
11:57
Castillos
15:49
Imperial
46:27
| APM promedio | 45.4 |
| APM pico | 92 |
| eAPM promedio | 25.9 |
| Aldeanos / militares | 150 / 33 |
Foco
⚔️ 40.9% · 🌾 59.1%
Unknown (1944) ×59 · Unknown (1949) ×42 · Battering Ram ×13 · Scout Cavalry ×12 · Fishing Ship ×6 · Mangonel ×5
Mapa de la partida
Recursos iniciales + cada clic de construcción. Líneas = muros · curvas = relieve. ◆ oro · ⬟ piedra · ● bayas · ✦ reliquia · ◌ hueco del cierre
Tu base· Abierta — hueco de 5t
Base de Pinheads | ElQueManejaLaCombi· Abierta — hueco de 14t
Base de GAX | Tyrav· Abierta — flanco sin cerrar
Base de GAX | Anderson Cassiano· Abierta — hueco de 5t
Base de Pinheads | peke· Abierta — hueco de 10t
Base de GAX | Gian· Abierta — hueco de 14t
Base de Pinheads | Sharku· Abierta — flanco sin cerrar
Base de GAX | Mr.P· Abierta — hueco de 11t
Terreno inicial suavizado · ◌ = hueco del cierre detectado · pasá el cursor para detalles
Inputs por minuto
— Pinheads | Knolte - - Pinheads | ElQueManejaLaCombi
Build order — Pinheads | Knolte
Primeras 150 de 559 acciones detectadas
| 0:19 | Construir | Town Center |
| 0:33 | Construir | Palisade Wall |
| 1:05 | Construir | Dock |
| 2:08 | Construir | Palisade Wall |
| 2:09 | Construir | Palisade Wall |
| 2:36 | Crear | Villager (Male) |
| 2:43 | Crear | Villager (Male) |
| 2:46 | Crear | Villager (Male) |
| 2:52 | Crear | Villager (Male) |
| 3:22 | Investigar | Loom |
| 3:24 | Construir | House |
| 3:27 | Crear | Villager (Male) |
| 3:36 | Crear | Villager (Male) |
| 3:47 | Crear | Villager (Male) |
| 3:58 | Crear | Fishing Ship |
| 3:58 | Crear | Fishing Ship |
| 4:52 | Construir | House |
| 5:11 | Crear | Villager (Male) |
| 5:11 | Crear | Villager (Male) |
| 5:40 | Crear | Villager (Male) |
| 6:05 | Crear | Villager (Male) |
| 6:05 | Crear | Villager (Male) |
| 6:09 | Crear | Fishing Ship |
| 6:23 | Construir | House |
| 6:28 | Crear | Villager (Male) |
| 6:28 | Crear | Villager (Male) |
| 6:39 | Crear | Fishing Ship |
| 6:53 | Crear | Villager (Male) |
| 7:16 | Crear | Villager (Male) |
| 7:21 | Crear | Fishing Ship |
| 7:46 | Crear | Villager (Male) |
| 7:47 | Crear | Villager (Male) |
| 8:01 | Crear | Fishing Ship |
| 8:07 | Construir | House |
| 8:49 | Crear | Villager (Male) |
| 8:56 | Construir | Mill |
| 9:11 | Crear | Fishing Ship |
| 9:15 | Crear | Villager (Male) |
| 9:35 | Crear | Villager (Male) |
| 9:53 | Crear | Villager (Male) |
| 10:10 | Crear | Villager (Male) |
| 10:15 | Construir | House |
| 10:17 | Crear | Villager (Male) |
| 10:48 | Construir | Dock |
| 10:59 | Crear | Villager (Male) |
| 11:05 | Construir | Outpost |
| 11:24 | Crear | Villager (Male) |
| 11:41 | Construir | Mining Camp |
| 11:46 | Investigar | Feudal Age |
| 11:58 | Construir | Outpost |
| 12:38 | Construir | Palisade Wall |
| 13:11 | Construir | Mining Camp |
| 13:16 | Crear | Villager (Male) |
| 13:59 | Edad | Edad Feudal |
| 14:01 | Construir | Market |
| 14:02 | Crear | Villager (Male) |
| 14:11 | Construir | Blacksmith |
| 14:15 | Construir | Watch Tower |
| 14:34 | Construir | House |
| 14:38 | Crear | Villager (Male) |
| 15:06 | Construir | Mining Camp |
| 15:08 | Investigar | Castle Age |
| 15:18 | Construir | Watch Tower |
| 15:31 | Construir | Mill |
| 16:36 | Construir | Palisade Gate |
| 16:42 | Construir | Palisade Gate |
| 16:48 | Crear | Villager (Male) |
| 17:16 | Construir | Lumber Camp |
| 17:31 | Construir | House |
| 17:37 | Construir | House |
| 17:39 | Construir | House |
| 17:54 | Edad | Edad de los Castillos |
| 18:22 | Crear | Villager (Male) |
| 18:42 | Construir | Siege Workshop |
| 18:43 | Crear | Villager (Male) |
| 19:07 | Investigar | Double-Bit Axe |
| 19:10 | Crear | Scorpion |
| 19:13 | Construir | House |
| 19:14 | Crear | Villager (Male) |
| 19:35 | Crear | Villager (Male) |
| 19:38 | Crear | Scorpion |
| 20:24 | Crear | Villager (Male) |
| 20:41 | Crear | Villager (Male) |
| 20:57 | Crear | Villager (Male) |
| 21:06 | Construir | House |
| 21:06 | Construir | House |
| 21:09 | Crear | Villager (Male) |
| 21:20 | Construir | Town Center |
| 21:23 | Crear | Villager (Male) |
| 21:25 | Crear | Villager (Male) |
| 21:56 | Crear | Villager (Male) |
| 22:04 | Construir | House |
| 22:16 | Crear | Villager (Male) |
| 22:24 | Crear | Villager (Male) |
| 23:02 | Construir | Mining Camp |
| 23:14 | Crear | Villager (Male) |
| 23:25 | Construir | Farm |
| 23:26 | Construir | Farm |
| 23:27 | Construir | Farm |
| 23:29 | Crear | Villager (Male) |
| 23:29 | Crear | Villager (Male) |
| 23:31 | Construir | Farm |
| 23:31 | Construir | Farm |
| 23:34 | Construir | Farm |
| 23:52 | Crear | Villager (Male) |
| 23:53 | Construir | House |
| 23:54 | Construir | House |
| 23:59 | Crear | Villager (Male) |
| 24:09 | Construir | Farm |
| 24:10 | Construir | Farm |
| 24:14 | Construir | Farm |
| 24:15 | Construir | Farm |
| 24:19 | Construir | Farm |
| 24:20 | Construir | Farm |
| 24:21 | Construir | Farm |
| 24:22 | Crear | Villager (Male) |
| 24:25 | Crear | Villager (Male) |
| 24:25 | Crear | Villager (Male) |
| 24:30 | Crear | Villager (Male) |
| 24:50 | Crear | Villager (Male) |
| 24:51 | Crear | Villager (Male) |
| 25:15 | Construir | Town Center |
| 25:16 | Crear | Villager (Male) |
| 25:37 | Crear | Villager (Male) |
| 25:42 | Crear | Villager (Male) |
| 25:46 | Construir | Farm |
| 25:49 | Crear | Villager (Male) |
| 25:58 | Construir | Outpost |
| 25:59 | Investigar | Town Watch |
| 25:59 | Investigar | Town Watch |
| 26:04 | Crear | Villager (Male) |
| 26:17 | Crear | Villager (Male) |
| 26:21 | Construir | Monastery |
| 26:25 | Crear | Villager (Male) |
| 26:34 | Crear | Villager (Male) |
| 26:39 | Crear | Villager (Male) |
| 26:43 | Crear | Villager (Male) |
| 26:52 | Construir | Outpost |
| 26:53 | Construir | Outpost |
| 26:54 | Crear | Villager (Male) |
| 27:02 | Construir | Mining Camp |
| 27:15 | Construir | Farm |
| 27:17 | Construir | Farm |
| 27:18 | Construir | Farm |
| 27:19 | Construir | Farm |
| 27:20 | Crear | Villager (Male) |
| 27:24 | Crear | Villager (Male) |
| 27:38 | Crear | Villager (Male) |
| 27:46 | Construir | Outpost |
| 27:47 | Crear | Villager (Male) |
Build order — Pinheads | ElQueManejaLaCombi
Primeras 150 de 561 acciones detectadas
| 0:20 | Construir | Town Center |
| 1:12 | Construir | Dock |
| 2:43 | Investigar | Loom |
| 3:08 | Crear | Villager (Male) |
| 3:37 | Crear | Villager (Male) |
| 4:04 | Crear | Villager (Male) |
| 4:04 | Crear | Villager (Male) |
| 4:30 | Crear | Villager (Male) |
| 4:30 | Crear | Villager (Male) |
| 5:02 | Crear | Villager (Male) |
| 5:04 | Crear | Villager (Male) |
| 5:09 | Construir | House |
| 5:56 | Crear | Villager (Male) |
| 6:05 | Crear | Villager (Male) |
| 6:09 | Crear | Fishing Ship |
| 6:28 | Construir | House |
| 6:45 | Crear | Villager (Male) |
| 6:46 | Crear | Villager (Male) |
| 6:52 | Crear | Villager (Male) |
| 6:56 | Crear | Fishing Ship |
| 7:33 | Crear | Villager (Male) |
| 7:33 | Crear | Villager (Male) |
| 7:34 | Crear | Villager (Male) |
| 7:38 | Crear | Villager (Male) |
| 7:48 | Crear | Fishing Ship |
| 7:58 | Crear | Villager (Male) |
| 8:04 | Crear | Villager (Male) |
| 8:11 | Crear | Fishing Ship |
| 8:35 | Crear | Villager (Male) |
| 8:44 | Crear | Villager (Male) |
| 8:57 | Crear | Villager (Male) |
| 9:14 | Construir | Mill |
| 9:20 | Construir | House |
| 9:46 | Crear | Villager (Male) |
| 9:48 | Crear | Villager (Male) |
| 10:34 | Investigar | Feudal Age |
| 10:34 | Investigar | Feudal Age |
| 10:42 | Crear | Fishing Ship |
| 10:48 | Construir | Mining Camp |
| 10:50 | Construir | House |
| 11:22 | Crear | Villager (Male) |
| 11:41 | Crear | Villager (Male) |
| 12:44 | Edad | Edad Feudal |
| 12:47 | Crear | Villager (Male) |
| 12:50 | Construir | Market |
| 12:59 | Crear | Villager (Male) |
| 13:09 | Construir | Blacksmith |
| 13:10 | Crear | Villager (Male) |
| 13:44 | Crear | Villager (Male) |
| 13:54 | Investigar | Castle Age |
| 13:56 | Crear | Villager (Male) |
| 14:17 | Construir | Lumber Camp |
| 14:42 | Investigar | Fletching |
| 14:46 | Crear | Villager (Male) |
| 14:52 | Investigar | Double-Bit Axe |
| 15:09 | Crear | Fire Galley |
| 15:38 | Investigar | Gold Mining |
| 15:38 | Investigar | Horse Collar |
| 15:39 | Investigar | Horse Collar |
| 15:41 | Crear | Villager (Male) |
| 15:43 | Construir | House |
| 16:09 | Crear | Villager (Male) |
| 16:39 | Edad | Edad de los Castillos |
| 16:46 | Construir | Town Center |
| 16:55 | Crear | Villager (Male) |
| 17:00 | Crear | Villager (Male) |
| 17:19 | Crear | Villager (Male) |
| 17:37 | Crear | Villager (Male) |
| 17:52 | Crear | Villager (Male) |
| 17:58 | Crear | Villager (Male) |
| 18:03 | Crear | Villager (Male) |
| 18:05 | Construir | Town Center |
| 18:25 | Investigar | Bow Saw |
| 18:26 | Crear | Villager (Male) |
| 18:30 | Crear | Villager (Male) |
| 18:56 | Investigar | Stone Mining |
| 18:57 | Crear | Villager (Male) |
| 19:08 | Crear | Villager (Male) |
| 19:11 | Crear | Villager (Male) |
| 19:28 | Crear | Villager (Male) |
| 19:33 | Crear | Villager (Male) |
| 19:44 | Crear | Villager (Male) |
| 19:58 | Investigar | Heavy Plow |
| 20:01 | Crear | Villager (Male) |
| 20:02 | Crear | Villager (Male) |
| 20:04 | Construir | Farm |
| 20:04 | Construir | Farm |
| 20:05 | Construir | Farm |
| 20:09 | Construir | Farm |
| 20:12 | Construir | Farm |
| 20:23 | Construir | Farm |
| 20:28 | Crear | Villager (Male) |
| 20:28 | Crear | Villager (Male) |
| 20:28 | Crear | Villager (Male) |
| 20:31 | Crear | Villager (Male) |
| 20:31 | Crear | Villager (Male) |
| 20:43 | Crear | Villager (Male) |
| 20:52 | Crear | Villager (Male) |
| 20:52 | Crear | Villager (Male) |
| 20:53 | Construir | Farm |
| 20:54 | Construir | Farm |
| 20:55 | Crear | Villager (Male) |
| 20:55 | Crear | Villager (Male) |
| 20:55 | Crear | Villager (Male) |
| 20:57 | Construir | Farm |
| 20:57 | Construir | Farm |
| 20:58 | Construir | Farm |
| 21:06 | Construir | Farm |
| 21:06 | Construir | Farm |
| 21:18 | Investigar | Bodkin Arrow |
| 21:23 | Crear | Villager (Male) |
| 21:35 | Crear | Villager (Male) |
| 21:38 | Construir | Farm |
| 21:40 | Construir | Farm |
| 21:51 | Crear | Villager (Male) |
| 21:52 | Construir | House |
| 21:56 | Crear | Villager (Male) |
| 21:57 | Construir | House |
| 22:01 | Crear | Villager (Male) |
| 22:06 | Construir | Farm |
| 22:08 | Crear | Villager (Male) |
| 22:11 | Construir | Farm |
| 22:14 | Construir | Farm |
| 22:15 | Crear | Villager (Male) |
| 22:15 | Crear | Villager (Male) |
| 22:17 | Construir | Farm |
| 22:27 | Crear | Villager (Male) |
| 22:31 | Construir | Farm |
| 22:31 | Crear | Villager (Male) |
| 22:32 | Crear | Villager (Male) |
| 22:41 | Crear | Villager (Male) |
| 22:55 | Construir | Castle |
| 22:56 | Crear | Villager (Male) |
| 23:03 | Crear | Villager (Male) |
| 23:03 | Crear | Villager (Male) |
| 23:03 | Crear | Villager (Male) |
| 23:05 | Construir | Farm |
| 23:07 | Construir | Farm |
| 23:08 | Crear | Villager (Male) |
| 23:15 | Construir | House |
| 23:17 | Crear | Villager (Male) |
| 23:23 | Construir | Farm |
| 23:31 | Crear | Villager (Male) |
| 23:34 | Crear | Villager (Male) |
| 23:40 | Construir | Farm |
| 23:42 | Crear | Villager (Male) |
| 23:49 | Crear | Villager (Male) |
| 23:51 | Crear | Chu Ko Nu |
| 23:51 | Crear | Chu Ko Nu |
| 23:51 | Crear | Chu Ko Nu |
Build order — GAX | Tyrav
Primeras 150 de 604 acciones detectadas
| 0:19 | Construir | Town Center |
| 0:36 | Construir | Dock |
| 1:28 | Crear | Fishing Ship |
| 1:31 | Construir | House |
| 2:31 | Crear | Villager (Male) |
| 2:31 | Crear | Villager (Male) |
| 2:32 | Crear | Villager (Male) |
| 2:32 | Crear | Villager (Male) |
| 3:40 | Crear | Villager (Male) |
| 4:03 | Crear | Fishing Ship |
| 4:09 | Construir | House |
| 4:35 | Crear | Fishing Ship |
| 4:41 | Investigar | Loom |
| 4:53 | Crear | Villager (Male) |
| 5:18 | Crear | Villager (Male) |
| 6:01 | Crear | Villager (Male) |
| 6:22 | Crear | Villager (Male) |
| 6:23 | Crear | Fishing Ship |
| 6:24 | Crear | Fishing Ship |
| 6:24 | Crear | Fishing Ship |
| 6:29 | Construir | House |
| 6:40 | Crear | Villager (Male) |
| 7:00 | Crear | Fishing Ship |
| 7:01 | Crear | Villager (Male) |
| 7:11 | Crear | Villager (Male) |
| 7:21 | Crear | Villager (Male) |
| 7:31 | Crear | Villager (Male) |
| 7:44 | Crear | Fishing Ship |
| 7:51 | Construir | House |
| 8:27 | Crear | Villager (Male) |
| 8:54 | Construir | Mill |
| 9:21 | Crear | Villager (Male) |
| 9:47 | Investigar | Feudal Age |
| 11:21 | Construir | Dock |
| 11:37 | Construir | House |
| 11:41 | Crear | Villager (Male) |
| 11:42 | Crear | Villager (Male) |
| 11:47 | Construir | House |
| 12:03 | Edad | Edad Feudal |
| 12:06 | Crear | Galley |
| 12:06 | Crear | Galley |
| 12:16 | Crear | Villager (Male) |
| 12:48 | Crear | Villager (Male) |
| 12:50 | Crear | Galley |
| 12:51 | Crear | Galley |
| 12:54 | Crear | Villager (Male) |
| 12:57 | Construir | House |
| 13:27 | Crear | Galley |
| 13:33 | Crear | Galley |
| 13:33 | Crear | Galley |
| 13:45 | Crear | Villager (Male) |
| 14:30 | Crear | Galley |
| 14:30 | Crear | Galley |
| 14:31 | Crear | Villager (Male) |
| 14:31 | Crear | Villager (Male) |
| 15:11 | Crear | Villager (Male) |
| 15:29 | Construir | House |
| 15:38 | Construir | Blacksmith |
| 16:12 | Construir | Market |
| 16:27 | Investigar | Fletching |
| 16:27 | Crear | Villager (Male) |
| 16:48 | Crear | Unit 2626 |
| 16:48 | Crear | Unit 2626 |
| 16:49 | Crear | Villager (Male) |
| 17:17 | Crear | Villager (Male) |
| 17:22 | Construir | House |
| 17:23 | Investigar | Castle Age |
| 17:57 | Crear | Villager (Male) |
| 18:00 | Construir | House |
| 18:45 | Construir | Dock |
| 19:41 | Crear | Villager (Male) |
| 20:04 | Edad | Edad de los Castillos |
| 20:12 | Crear | Villager (Male) |
| 20:23 | Investigar | War Galley (upgrade) |
| 20:26 | Investigar | Bodkin Arrow |
| 20:44 | Construir | Town Center |
| 20:45 | Crear | Villager (Male) |
| 21:12 | Crear | Villager (Male) |
| 21:37 | Crear | Villager (Male) |
| 21:38 | Crear | Villager (Male) |
| 21:38 | Crear | Villager (Male) |
| 21:38 | Crear | Villager (Male) |
| 21:42 | Construir | Town Center |
| 21:51 | Construir | Lumber Camp |
| 21:53 | Investigar | Horse Collar |
| 22:07 | Crear | Villager (Male) |
| 22:07 | Crear | Villager (Male) |
| 22:08 | Crear | Villager (Male) |
| 22:12 | Crear | Villager (Male) |
| 22:27 | Crear | Villager (Male) |
| 22:31 | Construir | Town Center |
| 22:35 | Crear | Villager (Male) |
| 22:42 | Investigar | Double-Bit Axe |
| 22:43 | Investigar | Heavy Plow |
| 23:04 | Crear | Villager (Male) |
| 23:18 | Crear | Villager (Male) |
| 23:23 | Investigar | Bow Saw |
| 23:24 | Crear | Villager (Male) |
| 23:30 | Construir | Farm |
| 23:31 | Construir | Farm |
| 23:33 | Construir | Farm |
| 23:34 | Construir | Farm |
| 23:36 | Construir | Farm |
| 23:40 | Investigar | Wheelbarrow |
| 23:43 | Crear | Villager (Male) |
| 23:45 | Crear | Villager (Male) |
| 23:46 | Crear | Villager (Male) |
| 23:48 | Construir | Farm |
| 23:52 | Construir | Farm |
| 23:55 | Crear | Villager (Male) |
| 24:01 | Construir | Farm |
| 24:03 | Crear | Villager (Male) |
| 24:03 | Crear | Villager (Male) |
| 24:13 | Construir | Farm |
| 24:25 | Crear | Villager (Male) |
| 24:25 | Crear | Villager (Male) |
| 24:26 | Crear | Villager (Male) |
| 24:26 | Crear | Villager (Male) |
| 24:33 | Construir | Farm |
| 24:42 | Crear | Villager (Male) |
| 24:45 | Crear | Villager (Male) |
| 25:00 | Crear | Villager (Male) |
| 25:00 | Crear | Villager (Male) |
| 25:01 | Crear | Villager (Male) |
| 25:04 | Construir | House |
| 25:06 | Construir | House |
| 25:10 | Construir | House |
| 25:18 | Crear | Villager (Male) |
| 25:37 | Construir | Dock |
| 25:40 | Crear | Fishing Ship |
| 25:40 | Crear | Fishing Ship |
| 25:40 | Crear | Fishing Ship |
| 25:44 | Crear | Fishing Ship |
| 25:45 | Crear | Fishing Ship |
| 25:45 | Crear | Fishing Ship |
| 25:51 | Crear | Fishing Ship |
| 25:51 | Crear | Fishing Ship |
| 25:51 | Crear | Fishing Ship |
| 25:54 | Crear | Villager (Male) |
| 25:55 | Crear | Villager (Male) |
| 25:56 | Crear | Villager (Male) |
| 25:56 | Crear | Villager (Male) |
| 25:56 | Crear | Villager (Male) |
| 26:00 | Construir | Farm |
| 26:03 | Construir | Farm |
| 26:04 | Construir | Farm |
| 26:05 | Construir | Farm |
| 26:07 | Construir | Farm |
| 26:10 | Construir | Farm |
| 26:10 | Crear | Villager (Male) |
Build order — GAX | Anderson Cassiano
Primeras 150 de 407 acciones detectadas
| 0:09 | Construir | House |
| 0:18 | Construir | Town Center |
| 2:23 | Construir | Dock |
| 2:37 | Crear | Villager (Male) ×4 |
| 3:57 | Crear | Fishing Ship |
| 4:23 | Crear | Villager (Male) |
| 4:33 | Construir | House |
| 4:45 | Crear | Villager (Male) |
| 5:17 | Crear | Villager (Male) |
| 5:21 | Crear | Fishing Ship |
| 5:38 | Crear | Villager (Male) |
| 6:06 | Crear | Villager (Male) |
| 6:19 | Crear | Villager (Male) |
| 6:34 | Crear | Villager (Male) |
| 6:38 | Crear | Fishing Ship |
| 6:42 | Construir | House |
| 6:59 | Investigar | Loom |
| 7:00 | Crear | Villager (Male) |
| 7:23 | Crear | Villager (Male) |
| 7:48 | Construir | Mining Camp |
| 8:12 | Crear | Villager (Male) |
| 8:29 | Crear | Fishing Ship |
| 8:39 | Crear | Villager (Male) |
| 9:13 | Investigar | Feudal Age |
| 9:37 | Construir | Mining Camp |
| 10:00 | Construir | Barracks |
| 10:05 | Construir | Barracks |
| 10:09 | Crear | Villager (Male) |
| 10:16 | Construir | House |
| 11:23 | Edad | Edad Feudal |
| 11:25 | Construir | Archery Range |
| 11:27 | Crear | Villager (Male) |
| 11:45 | Crear | Villager (Male) |
| 12:03 | Construir | Blacksmith |
| 12:13 | Crear | Villager (Male) |
| 12:19 | Construir | Palisade Wall |
| 12:21 | Construir | Palisade Wall |
| 12:22 | Construir | Palisade Wall |
| 12:27 | Construir | Palisade Wall |
| 12:29 | Crear | Archer |
| 12:31 | Crear | Militia |
| 12:31 | Crear | Militia |
| 12:35 | Crear | Archer |
| 12:35 | Crear | Archer |
| 12:48 | Construir | House |
| 12:51 | Investigar | Fletching |
| 12:54 | Construir | Palisade Wall |
| 13:00 | Crear | Villager (Male) |
| 13:08 | Crear | Archer |
| 13:37 | Crear | Villager (Male) |
| 13:39 | Construir | Mill |
| 13:41 | Crear | Villager (Male) |
| 13:56 | Construir | House |
| 13:57 | Construir | House |
| 14:11 | Construir | Watch Tower |
| 14:14 | Crear | Archer |
| 14:16 | Crear | Villager (Male) |
| 14:23 | Construir | House |
| 14:29 | Crear | Archer |
| 14:48 | Crear | Villager (Male) |
| 14:57 | Construir | House |
| 15:35 | Construir | Watch Tower |
| 15:40 | Crear | Villager (Male) |
| 15:41 | Crear | Villager (Male) |
| 15:42 | Crear | Archer |
| 15:45 | Crear | Archer |
| 16:00 | Construir | Palisade Wall |
| 16:01 | Construir | Palisade Wall |
| 16:01 | Construir | Palisade Wall |
| 16:02 | Construir | Palisade Wall |
| 16:02 | Construir | Palisade Wall |
| 16:03 | Construir | Palisade Wall |
| 16:03 | Construir | Palisade Wall |
| 16:04 | Construir | Palisade Wall |
| 16:04 | Construir | Palisade Wall |
| 16:07 | Crear | Villager (Male) |
| 16:10 | Crear | Archer |
| 16:17 | Crear | Villager (Male) |
| 16:56 | Crear | Archer |
| 17:10 | Crear | Villager (Male) |
| 17:17 | Crear | Archer |
| 17:48 | Crear | Villager (Male) |
| 17:51 | Construir | Mill |
| 17:57 | Construir | Mill |
| 18:18 | Construir | Mining Camp |
| 18:21 | Crear | Villager (Male) |
| 18:32 | Crear | Archer |
| 18:52 | Crear | Archer |
| 19:23 | Crear | Archer |
| 19:42 | Crear | Archer |
| 20:11 | Crear | Villager (Male) |
| 20:45 | Crear | Villager (Male) |
| 21:09 | Crear | Archer |
| 21:19 | Crear | Villager (Male) |
| 21:23 | Construir | Lumber Camp |
| 21:31 | Investigar | Castle Age |
| 21:56 | Investigar | Gold Mining |
| 22:00 | Investigar | Stone Mining |
| 23:00 | Investigar | Gold Mining |
| 23:53 | Crear | Villager (Male) |
| 24:10 | Construir | House |
| 24:12 | Construir | House |
| 24:13 | Edad | Edad de los Castillos |
| 24:14 | Construir | House |
| 24:29 | Construir | Castle |
| 24:58 | Construir | House |
| 24:59 | Construir | House |
| 25:12 | Crear | Villager (Male) |
| 25:14 | Crear | Unit 1959 |
| 25:52 | Crear | Unit 1959 |
| 28:09 | Construir | Market |
| 29:04 | Construir | Town Center |
| 30:07 | Construir | Town Center |
| 30:35 | Crear | Unit 1959 |
| 30:35 | Crear | Unit 1959 |
| 30:44 | Crear | Villager (Male) |
| 30:45 | Crear | Villager (Male) |
| 31:29 | Crear | Villager (Male) ×3 |
| 31:39 | Crear | Villager (Male) |
| 31:44 | Crear | Villager (Male) ×3 |
| 32:06 | Crear | Villager (Male) |
| 32:19 | Crear | Fishing Ship |
| 32:19 | Crear | Fishing Ship |
| 32:34 | Crear | Villager (Male) |
| 32:56 | Crear | Fishing Ship |
| 32:57 | Crear | Fishing Ship |
| 33:19 | Crear | Villager (Male) |
| 33:21 | Crear | Villager (Male) |
| 33:25 | Crear | Fishing Ship |
| 33:26 | Crear | Fishing Ship |
| 33:44 | Construir | Dock |
| 33:50 | Crear | Villager (Male) |
| 33:55 | Crear | Villager (Male) |
| 34:16 | Crear | Villager (Male) |
| 34:31 | Construir | Town Center |
| 34:34 | Crear | Villager (Male) |
| 34:34 | Crear | Villager (Male) |
| 35:04 | Crear | Villager (Male) ×2 |
| 35:24 | Crear | Villager (Male) |
| 35:25 | Crear | Villager (Male) |
| 35:26 | Crear | Villager (Male) |
| 35:32 | Crear | Fishing Ship ×5 |
| 35:35 | Crear | Villager (Male) |
| 35:35 | Crear | Villager (Male) |
| 35:35 | Crear | Villager (Male) |
| 35:52 | Crear | Villager (Male) |
| 36:05 | Construir | Lumber Camp |
| 36:15 | Construir | House |
| 36:16 | Construir | House |
| 36:16 | Construir | House |
Build order — Pinheads | peke
135 acciones detectadas en el replay
| 0:26 | Construir | Town Center |
| 0:43 | Construir | Dock |
| 0:45 | Construir | House |
| 1:45 | Construir | Palisade Wall |
| 1:46 | Construir | Palisade Wall |
| 2:44 | Crear | Villager (Male) ×4 |
| 3:40 | Crear | Villager (Male) |
| 3:57 | Crear | Fishing Ship |
| 4:27 | Construir | House |
| 4:30 | Crear | Villager (Male) |
| 4:30 | Crear | Villager (Male) |
| 4:48 | Crear | Villager (Male) |
| 5:14 | Crear | Villager (Male) |
| 5:39 | Crear | Fishing Ship |
| 5:39 | Crear | Fishing Ship |
| 5:48 | Crear | Villager (Male) |
| 6:08 | Construir | House |
| 6:28 | Crear | Villager (Male) |
| 6:44 | Crear | Villager (Male) |
| 6:44 | Crear | Villager (Male) |
| 7:03 | Crear | Villager (Male) |
| 7:08 | Crear | Fishing Ship |
| 7:18 | Construir | House |
| 7:34 | Crear | Villager (Male) |
| 8:40 | Crear | Villager (Male) |
| 8:45 | Construir | Settlement |
| 8:52 | Investigar | Loom |
| 9:32 | Crear | Villager (Male) |
| 9:47 | Investigar | Feudal Age |
| 10:18 | Construir | Barracks |
| 10:52 | Construir | Palisade Wall |
| 10:53 | Construir | Palisade Wall |
| 11:00 | Construir | Palisade Wall |
| 11:42 | Construir | Palisade Wall |
| 12:00 | Crear | Villager (Male) |
| 12:07 | Edad | Edad Feudal |
| 12:09 | Construir | Archery Range |
| 12:15 | Construir | Blacksmith |
| 12:29 | Construir | Palisade Wall |
| 12:33 | Crear | Villager (Male) |
| 12:41 | Crear | Villager (Male) |
| 12:45 | Crear | Unit 2550 |
| 12:55 | Crear | Archer |
| 13:07 | Crear | Villager (Male) |
| 13:20 | Construir | Settlement |
| 13:23 | Crear | Villager (Male) |
| 13:33 | Crear | Archer |
| 13:42 | Crear | Villager (Male) |
| 13:46 | Crear | Archer |
| 13:55 | Crear | Villager (Male) |
| 14:18 | Construir | House |
| 14:38 | Crear | Demolition Raft |
| 14:43 | Construir | Farm |
| 14:46 | Construir | Farm |
| 15:03 | Crear | Villager (Male) |
| 15:52 | Construir | Market |
| 16:10 | Construir | Farm |
| 16:12 | Crear | Villager (Male) |
| 17:11 | Investigar | Castle Age |
| 17:32 | Construir | Watch Tower |
| 17:44 | Crear | Villager (Male) |
| 18:30 | Crear | Villager (Male) |
| 18:40 | Crear | Villager (Male) |
| 18:57 | Investigar | Double-Bit Axe |
| 19:51 | Edad | Edad de los Castillos |
| 19:52 | Construir | Monastery |
| 19:53 | Construir | Monastery |
| 20:00 | Investigar | Bow Saw |
| 20:37 | Crear | Monk |
| 20:49 | Investigar | Redemption |
| 20:58 | Crear | Villager (Male) |
| 21:55 | Crear | Monk |
| 24:41 | Construir | Monastery |
| 24:42 | Investigar | Sanctity |
| 25:07 | Investigar | Fletching |
| 25:26 | Construir | Monastery |
| 25:32 | Crear | Monk |
| 25:52 | Investigar | Horse Collar |
| 26:14 | Crear | Monk |
| 26:15 | Investigar | Sanctity |
| 26:27 | Construir | Outpost |
| 26:29 | Construir | Outpost |
| 26:50 | Crear | Monk |
| 27:07 | Crear | Monk |
| 27:14 | Construir | Town Center |
| 27:49 | Crear | Monk |
| 28:07 | Crear | Monk |
| 28:09 | Construir | Outpost |
| 28:17 | Crear | Villager (Male) |
| 28:23 | Construir | Farm |
| 29:03 | Crear | Monk |
| 29:28 | Crear | Villager (Male) |
| 29:44 | Construir | House |
| 29:51 | Construir | Outpost |
| 30:14 | Construir | Town Center |
| 30:19 | Construir | Farm |
| 30:19 | Construir | Farm |
| 30:23 | Construir | Farm |
| 30:24 | Construir | Farm |
| 30:34 | Construir | Stone Wall |
| 30:35 | Construir | Stone Wall |
| 30:36 | Construir | Stone Wall |
| 30:37 | Construir | Stone Wall |
| 30:37 | Construir | Stone Wall |
| 30:56 | Construir | House |
| 31:32 | Crear | Villager (Male) |
| 31:32 | Crear | Villager (Male) |
| 31:59 | Crear | Villager (Male) |
| 31:59 | Crear | Villager (Male) |
| 32:21 | Crear | Villager (Male) |
| 32:21 | Crear | Villager (Male) |
| 32:27 | Construir | Stone Wall |
| 32:27 | Construir | Stone Wall |
| 32:28 | Construir | Stone Wall |
| 32:35 | Construir | Farm |
| 32:35 | Construir | Farm |
| 32:46 | Crear | Villager (Male) |
| 33:10 | Crear | Villager (Male) |
| 33:11 | Crear | Villager (Male) |
| 33:42 | Crear | Villager (Male) |
| 33:42 | Crear | Villager (Male) |
| 33:44 | Construir | Farm |
| 33:45 | Construir | Farm |
| 34:10 | Crear | Villager (Male) |
| 34:17 | Construir | Town Center |
| 34:23 | Construir | Farm |
| 34:24 | Construir | Farm |
| 34:30 | Construir | Farm |
| 34:31 | Crear | Villager (Male) |
| 34:36 | Construir | Outpost |
| 34:48 | Crear | Monk |
| 34:51 | Crear | Villager (Male) |
| 35:13 | Crear | Villager (Male) |
| 35:13 | Crear | Villager (Male) |
| 35:39 | Crear | Villager (Male) |
Build order — GAX | Gian
Primeras 150 de 596 acciones detectadas
| 0:38 | Construir | Town Center |
| 1:33 | Construir | Dock |
| 1:35 | Construir | House |
| 2:47 | Crear | Villager (Male) |
| 2:47 | Crear | Villager (Male) |
| 2:47 | Crear | Villager (Male) |
| 2:48 | Crear | Villager (Male) |
| 3:31 | Crear | Fishing Ship |
| 3:49 | Construir | House |
| 3:53 | Construir | House |
| 4:29 | Crear | Villager (Male) |
| 4:29 | Crear | Villager (Male) |
| 4:37 | Investigar | Loom |
| 4:56 | Crear | Fishing Ship |
| 5:18 | Crear | Villager (Male) |
| 5:36 | Crear | Villager (Male) |
| 5:36 | Crear | Villager (Male) |
| 5:53 | Crear | Fishing Ship |
| 5:58 | Crear | Villager (Male) |
| 6:10 | Construir | House |
| 6:18 | Crear | Villager (Male) |
| 6:50 | Crear | Fishing Ship |
| 6:56 | Crear | Villager (Male) |
| 7:15 | Crear | Villager (Male) |
| 7:16 | Crear | Villager (Male) |
| 7:22 | Construir | House |
| 7:44 | Crear | Villager (Male) |
| 7:49 | Crear | Villager (Male) |
| 8:11 | Crear | Fishing Ship |
| 8:22 | Construir | Palisade Wall |
| 8:26 | Construir | House |
| 8:48 | Crear | Villager (Male) |
| 9:02 | Construir | Mill |
| 9:06 | Construir | House |
| 9:10 | Crear | Villager (Male) |
| 9:33 | Construir | House |
| 9:58 | Crear | Villager (Male) |
| 10:15 | Crear | Villager (Male) |
| 10:34 | Investigar | Feudal Age |
| 10:45 | Crear | Fishing Ship |
| 10:58 | Construir | House |
| 11:44 | Construir | House |
| 12:25 | Crear | Villager (Male) |
| 12:25 | Crear | Villager (Male) |
| 12:58 | Edad | Edad Feudal |
| 13:00 | Construir | Blacksmith |
| 13:03 | Construir | Market |
| 13:07 | Construir | House |
| 13:49 | Investigar | Castle Age |
| 13:49 | Investigar | Castle Age |
| 14:15 | Construir | Dock |
| 14:45 | Investigar | Fletching |
| 14:49 | Construir | Lumber Camp |
| 15:12 | Investigar | Double-Bit Axe |
| 15:21 | Crear | Villager (Male) |
| 15:25 | Construir | House |
| 15:27 | Construir | House |
| 15:43 | Construir | House |
| 15:55 | Investigar | Tech 906 |
| 15:58 | Crear | Villager (Male) |
| 16:29 | Edad | Edad de los Castillos |
| 16:32 | Crear | Longboat |
| 16:32 | Crear | Longboat |
| 16:35 | Crear | Villager (Male) |
| 16:36 | Investigar | Bodkin Arrow |
| 16:46 | Investigar | Town Watch |
| 16:47 | Crear | Villager (Male) |
| 17:03 | Crear | Longboat |
| 17:04 | Crear | Longboat |
| 17:19 | Crear | Longboat |
| 17:20 | Crear | Villager (Male) |
| 17:35 | Crear | Longboat |
| 17:43 | Crear | Villager (Male) |
| 17:52 | Crear | Villager (Male) |
| 17:57 | Construir | Dock |
| 18:03 | Crear | Villager (Male) |
| 18:07 | Crear | Fishing Ship |
| 18:17 | Crear | Villager (Male) |
| 18:56 | Crear | Longboat |
| 18:57 | Crear | Fishing Ship |
| 18:58 | Crear | Villager (Male) |
| 19:23 | Crear | Longboat |
| 19:24 | Crear | Villager (Male) |
| 19:25 | Crear | Villager (Male) |
| 19:31 | Construir | Town Center |
| 19:32 | Crear | Villager (Male) |
| 19:36 | Crear | Villager (Male) |
| 19:38 | Crear | Villager (Male) |
| 19:43 | Investigar | Bow Saw |
| 20:04 | Crear | Fishing Ship ×3 |
| 20:16 | Crear | Villager (Male) |
| 20:21 | Crear | Villager (Male) |
| 20:34 | Crear | Villager (Male) |
| 20:39 | Construir | Barracks |
| 20:54 | Crear | Fishing Ship |
| 20:54 | Crear | Fishing Ship |
| 20:54 | Crear | Fishing Ship |
| 20:55 | Crear | Fishing Ship |
| 21:00 | Construir | House |
| 21:01 | Crear | Villager (Male) |
| 21:12 | Crear | Villager (Male) |
| 21:17 | Crear | Villager (Male) |
| 21:20 | Construir | House |
| 21:21 | Construir | House |
| 21:24 | Crear | Villager (Male) |
| 21:25 | Crear | Villager (Male) |
| 21:29 | Crear | Fishing Ship |
| 21:48 | Crear | Villager (Male) |
| 21:49 | Crear | Villager (Male) |
| 21:51 | Crear | Villager (Male) |
| 21:52 | Crear | Villager (Male) |
| 21:58 | Construir | Town Center |
| 22:00 | Crear | Villager (Male) |
| 22:03 | Construir | House |
| 22:03 | Construir | House |
| 22:09 | Crear | Fire Galley |
| 22:18 | Crear | Fishing Ship |
| 22:26 | Crear | Villager (Male) |
| 22:32 | Construir | Lumber Camp |
| 22:34 | Crear | Villager (Male) |
| 22:38 | Crear | Villager (Male) |
| 22:49 | Construir | House |
| 22:52 | Crear | Villager (Male) |
| 22:56 | Construir | Stable |
| 23:01 | Crear | Fishing Ship ×2 |
| 23:01 | Crear | Fishing Ship ×2 |
| 23:13 | Construir | Dock |
| 23:19 | Crear | Fishing Ship |
| 23:22 | Crear | Villager (Male) |
| 23:22 | Crear | Villager (Male) |
| 23:23 | Crear | Villager (Male) |
| 23:25 | Crear | Villager (Male) |
| 23:37 | Crear | Fishing Ship |
| 23:41 | Crear | Fishing Ship |
| 23:43 | Crear | Villager (Male) |
| 23:53 | Construir | Dock |
| 23:59 | Investigar | Gillnets |
| 24:00 | Crear | Fishing Ship |
| 24:09 | Crear | Villager (Male) |
| 24:13 | Crear | Villager (Male) |
| 24:14 | Crear | Villager (Male) |
| 24:15 | Crear | Villager (Male) |
| 24:16 | Crear | Villager (Male) |
| 24:17 | Crear | Knight |
| 24:17 | Crear | Knight |
| 24:24 | Investigar | Scale Barding Armor |
| 24:28 | Crear | Fishing Ship |
| 24:28 | Crear | Fishing Ship |
| 24:28 | Crear | Fishing Ship |
| 24:39 | Construir | Town Center |
Build order — Pinheads | Sharku
Primeras 150 de 315 acciones detectadas
| 0:24 | Construir | Town Center |
| 0:54 | Construir | Dock |
| 1:07 | Construir | Palisade Wall |
| 1:09 | Construir | Palisade Wall |
| 1:11 | Construir | Palisade Wall |
| 1:12 | Construir | Palisade Wall |
| 2:52 | Crear | Villager (Male) |
| 2:53 | Crear | Villager (Male) |
| 2:53 | Crear | Villager (Male) |
| 2:53 | Crear | Villager (Male) |
| 2:53 | Crear | Villager (Male) |
| 3:02 | Construir | House |
| 3:29 | Crear | Villager (Male) |
| 3:29 | Crear | Villager (Male) |
| 4:12 | Crear | Fishing Ship |
| 4:36 | Construir | House |
| 5:03 | Crear | Villager (Male) |
| 5:03 | Crear | Villager (Male) |
| 5:26 | Crear | Villager (Male) |
| 5:27 | Crear | Villager (Male) |
| 5:49 | Crear | Fishing Ship |
| 5:49 | Crear | Fishing Ship |
| 5:52 | Crear | Villager (Male) |
| 5:52 | Crear | Villager (Male) |
| 6:08 | Crear | Villager (Male) |
| 6:09 | Crear | Villager (Male) |
| 6:16 | Investigar | Loom |
| 6:16 | Investigar | Loom |
| 6:21 | Construir | House |
| 6:25 | Crear | Villager (Male) |
| 6:26 | Crear | Villager (Male) |
| 6:27 | Crear | Villager (Male) |
| 6:27 | Crear | Villager (Male) |
| 6:45 | Crear | Villager (Male) |
| 6:49 | Crear | Fishing Ship |
| 7:15 | Crear | Villager (Male) |
| 7:16 | Crear | Villager (Male) |
| 7:16 | Crear | Villager (Male) |
| 7:41 | Construir | House |
| 7:45 | Crear | Villager (Male) |
| 7:46 | Crear | Villager (Male) |
| 7:55 | Crear | Fishing Ship |
| 8:12 | Crear | Villager (Male) |
| 8:12 | Crear | Villager (Male) |
| 8:43 | Crear | Villager (Male) |
| 8:43 | Crear | Villager (Male) |
| 8:44 | Crear | Villager (Male) |
| 8:49 | Construir | Lumber Camp |
| 9:09 | Crear | Villager (Male) |
| 9:17 | Construir | House |
| 9:24 | Construir | House |
| 10:09 | Crear | Fishing Ship |
| 10:10 | Crear | Villager (Male) |
| 10:38 | Crear | Villager (Male) |
| 10:48 | Construir | Mining Camp |
| 11:22 | Investigar | Feudal Age |
| 11:22 | Investigar | Feudal Age |
| 11:22 | Investigar | Feudal Age |
| 13:22 | Construir | Mill |
| 13:32 | Edad | Edad Feudal |
| 13:37 | Construir | Blacksmith |
| 13:38 | Crear | Villager (Male) |
| 13:44 | Crear | Villager (Male) |
| 13:52 | Construir | Market |
| 13:56 | Construir | Palisade Wall |
| 14:38 | Investigar | Castle Age |
| 14:38 | Investigar | Castle Age |
| 14:38 | Investigar | Castle Age |
| 14:38 | Investigar | Castle Age |
| 14:43 | Construir | House |
| 14:50 | Investigar | Double-Bit Axe |
| 14:50 | Investigar | Double-Bit Axe |
| 15:15 | Construir | Outpost |
| 15:58 | Construir | House |
| 16:11 | Crear | Villager (Male) |
| 16:29 | Construir | House |
| 16:47 | Crear | Villager (Male) |
| 17:18 | Edad | Edad de los Castillos |
| 17:23 | Construir | House |
| 17:28 | Construir | Town Center |
| 17:47 | Crear | Villager (Male) |
| 18:13 | Construir | Castle |
| 18:25 | Crear | Villager (Male) |
| 19:01 | Construir | House |
| 19:03 | Construir | Palisade Wall |
| 19:56 | Crear | Villager (Male) |
| 19:56 | Crear | Villager (Male) |
| 19:59 | Crear | Villager (Male) |
| 20:26 | Construir | Siege Workshop |
| 20:28 | Crear | Villager (Male) |
| 20:37 | Construir | Farm |
| 20:48 | Construir | Farm |
| 20:49 | Construir | Farm |
| 20:51 | Crear | Villager (Male) |
| 20:52 | Crear | Villager (Male) |
| 21:04 | Crear | Villager (Male) |
| 21:07 | Construir | Farm |
| 21:14 | Construir | Barracks |
| 21:15 | Crear | Villager (Male) |
| 21:49 | Crear | Mangonel |
| 21:49 | Crear | Mangonel |
| 21:55 | Crear | Serjeant |
| 21:56 | Crear | Serjeant |
| 22:06 | Construir | Farm |
| 22:51 | Crear | Villager (Male) |
| 22:58 | Construir | Farm |
| 23:06 | Crear | Villager (Male) |
| 23:13 | Construir | Farm |
| 23:19 | Construir | Farm |
| 23:40 | Crear | Villager (Male) |
| 23:40 | Crear | Villager (Male) |
| 23:42 | Construir | Farm |
| 23:44 | Construir | Farm |
| 24:04 | Crear | Villager (Male) |
| 24:17 | Construir | Farm |
| 24:23 | Construir | Farm |
| 25:08 | Crear | Villager (Male) |
| 25:09 | Crear | Villager (Male) |
| 25:12 | Crear | Villager (Male) |
| 25:16 | Construir | Lumber Camp |
| 25:19 | Investigar | Horse Collar |
| 25:19 | Investigar | Horse Collar |
| 25:30 | Crear | Villager (Male) |
| 25:30 | Crear | Villager (Male) |
| 25:56 | Construir | Farm |
| 26:03 | Crear | Villager (Male) |
| 26:24 | Construir | Monastery |
| 26:28 | Crear | Villager (Male) |
| 26:58 | Investigar | Town Watch |
| 27:01 | Crear | Monk |
| 27:01 | Crear | Monk |
| 27:01 | Crear | Monk |
| 27:38 | Construir | House |
| 27:40 | Crear | Villager (Male) |
| 27:53 | Crear | Villager (Male) |
| 27:57 | Construir | Farm |
| 28:02 | Crear | Villager (Male) |
| 28:02 | Crear | Villager (Male) |
| 28:06 | Crear | Villager (Male) |
| 28:19 | Construir | Farm |
| 28:34 | Construir | Farm |
| 28:36 | Construir | Farm |
| 28:38 | Crear | Villager (Male) |
| 28:39 | Crear | Villager (Male) |
| 28:39 | Crear | Villager (Male) |
| 28:49 | Crear | Villager (Male) |
| 28:50 | Crear | Villager (Male) |
| 28:55 | Construir | Farm |
| 28:58 | Construir | Farm |
| 29:05 | Crear | Villager (Male) |
Build order — GAX | Mr.P
Primeras 150 de 470 acciones detectadas
| 0:02 | Construir | Town Center |
| 1:02 | Construir | Dock |
| 1:04 | Construir | House |
| 2:25 | Crear | Villager (Male) |
| 2:25 | Crear | Villager (Male) |
| 2:25 | Crear | Villager (Male) |
| 2:25 | Crear | Villager (Male) |
| 3:17 | Crear | Fishing Ship |
| 4:01 | Crear | Villager (Male) |
| 4:04 | Construir | House |
| 4:31 | Crear | Villager (Male) |
| 4:54 | Crear | Villager (Male) |
| 5:09 | Crear | Fishing Ship |
| 5:17 | Crear | Villager (Male) |
| 5:40 | Crear | Villager (Male) |
| 5:52 | Crear | Fishing Ship |
| 6:03 | Construir | House |
| 6:05 | Investigar | Loom |
| 6:32 | Crear | Villager (Male) |
| 6:49 | Crear | Villager (Male) |
| 7:00 | Crear | Fishing Ship |
| 7:07 | Construir | House |
| 7:16 | Crear | Villager (Male) |
| 7:34 | Construir | Outpost |
| 7:56 | Crear | Fishing Ship |
| 7:57 | Crear | Villager (Male) |
| 8:02 | Crear | Villager (Male) |
| 8:21 | Crear | Fishing Ship |
| 8:23 | Crear | Villager (Male) |
| 9:01 | Crear | Villager (Male) |
| 9:10 | Construir | Mining Camp |
| 9:47 | Investigar | Feudal Age |
| 9:47 | Investigar | Feudal Age |
| 10:04 | Construir | Mill |
| 10:31 | Construir | House |
| 10:56 | Crear | Villager (Male) |
| 11:57 | Edad | Edad Feudal |
| 11:58 | Construir | Market |
| 12:00 | Investigar | Town Watch |
| 12:10 | Construir | Blacksmith |
| 13:09 | Investigar | Castle Age |
| 13:43 | Construir | Lumber Camp |
| 13:56 | Construir | House |
| 14:05 | Construir | House |
| 14:07 | Construir | Palisade Wall |
| 14:08 | Construir | Palisade Wall |
| 14:09 | Construir | Palisade Wall |
| 14:11 | Construir | Palisade Wall |
| 14:23 | Construir | Palisade Wall |
| 14:33 | Construir | Barracks |
| 14:34 | Crear | Villager (Male) |
| 14:46 | Investigar | Double-Bit Axe |
| 15:21 | Construir | Stable |
| 15:23 | Crear | Villager (Male) |
| 15:28 | Crear | Villager (Male) |
| 15:49 | Edad | Edad de los Castillos |
| 15:52 | Construir | Siege Workshop |
| 15:52 | Crear | Villager (Male) |
| 16:05 | Crear | Unit 1944 |
| 16:07 | Crear | Villager (Male) |
| 16:23 | Crear | Scorpion |
| 16:24 | Crear | Villager (Male) |
| 16:28 | Crear | Villager (Male) |
| 16:44 | Crear | Villager (Male) |
| 16:55 | Crear | Scorpion |
| 16:55 | Crear | Villager (Male) |
| 17:03 | Crear | Villager (Male) |
| 17:47 | Crear | Fire Galley |
| 17:59 | Crear | Mangonel |
| 18:01 | Crear | Villager (Male) |
| 18:18 | Construir | House |
| 18:24 | Construir | House |
| 18:38 | Crear | Mangonel |
| 19:06 | Construir | Dock |
| 19:34 | Crear | Mangonel |
| 19:39 | Construir | House |
| 19:56 | Construir | Farm |
| 19:59 | Construir | Farm |
| 20:00 | Crear | Villager (Male) |
| 20:10 | Crear | Villager (Male) |
| 20:47 | Crear | Villager (Male) |
| 20:54 | Crear | Mangonel |
| 21:00 | Construir | Fish Trap |
| 21:20 | Crear | Villager (Male) |
| 21:27 | Crear | Villager (Male) |
| 21:48 | Crear | Villager (Male) |
| 22:01 | Crear | Villager (Male) |
| 22:07 | Crear | Scout Cavalry |
| 22:08 | Crear | Villager (Male) |
| 22:17 | Crear | Villager (Male) |
| 22:33 | Crear | Battering Ram |
| 22:56 | Crear | Villager (Male) |
| 23:00 | Crear | Villager (Male) |
| 23:29 | Crear | Villager (Male) |
| 23:31 | Crear | Villager (Male) |
| 23:42 | Construir | Mining Camp |
| 23:51 | Construir | Town Center |
| 23:53 | Investigar | Horse Collar |
| 23:54 | Crear | Villager (Male) |
| 23:56 | Investigar | Bow Saw |
| 24:14 | Crear | Villager (Male) |
| 24:21 | Crear | Villager (Male) |
| 24:27 | Crear | Villager (Male) |
| 24:38 | Crear | Villager (Male) |
| 24:41 | Construir | Town Center |
| 24:44 | Crear | Villager (Male) |
| 24:44 | Crear | Villager (Male) |
| 25:06 | Crear | Villager (Male) |
| 25:14 | Crear | Unit 1944 |
| 25:15 | Crear | Villager (Male) |
| 25:20 | Crear | Villager (Male) |
| 25:33 | Crear | Villager (Male) |
| 25:51 | Crear | Villager (Male) |
| 26:12 | Crear | Villager (Male) |
| 26:15 | Construir | Farm |
| 26:15 | Construir | Farm |
| 26:15 | Construir | Farm |
| 26:15 | Construir | Farm |
| 26:16 | Construir | Farm |
| 26:24 | Investigar | Heavy Plow |
| 26:26 | Construir | Farm |
| 26:27 | Construir | Farm |
| 26:48 | Crear | Mangonel |
| 26:50 | Crear | Villager (Male) |
| 26:55 | Crear | Villager (Male) |
| 26:59 | Construir | House |
| 27:19 | Construir | House |
| 27:21 | Construir | House |
| 27:35 | Crear | Villager (Male) |
| 27:46 | Crear | Villager (Male) |
| 27:58 | Construir | Outpost |
| 27:59 | Crear | Villager (Male) |
| 28:06 | Construir | Lumber Camp |
| 28:10 | Crear | Villager (Male) |
| 28:11 | Crear | Villager (Male) |
| 28:12 | Construir | Farm |
| 28:13 | Construir | Farm |
| 28:16 | Crear | Villager (Male) |
| 28:19 | Crear | Villager (Male) |
| 28:19 | Crear | Villager (Male) |
| 28:29 | Crear | Scout Cavalry |
| 28:30 | Crear | Villager (Male) |
| 28:37 | Crear | Villager (Male) |
| 28:45 | Construir | Castle |
| 28:46 | Crear | Villager (Male) |
| 29:03 | Crear | Villager (Male) |
| 29:05 | Crear | Villager (Male) |
| 29:07 | Construir | Farm |
| 29:09 | Crear | Villager (Male) |
| 29:14 | Crear | Villager (Male) |
Cronología de la partida
| 0:33 | Pinheads | Knolte · wall_segment Palisade Wall x4 |
| 0:36 | GAX | Tyrav · first_building Dock |
| 0:43 | Pinheads | peke · first_building Dock |
| 0:54 | Pinheads | Sharku · first_building Dock |
| 1:02 | GAX | Mr.P · first_building Dock |
| 1:05 | Pinheads | Knolte · first_building Dock |
| 1:07 | Pinheads | Sharku · wall_segment Palisade Wall x1 |
| 1:09 | Pinheads | Sharku · wall_segment Palisade Wall x1 |
| 1:11 | Pinheads | Sharku · wall_segment Palisade Wall x1 |
| 1:12 | Pinheads | Sharku · wall_segment Palisade Wall x1 |
| 1:12 | Pinheads | ElQueManejaLaCombi · first_building Dock |
| 1:33 | GAX | Gian · first_building Dock |
| 1:45 | Pinheads | peke · wall_segment Palisade Wall x1 |
| 1:46 | Pinheads | peke · wall_segment Palisade Wall x1 |
| 2:08 | Pinheads | Knolte · wall_segment Palisade Wall x1 |
| 2:09 | Pinheads | Knolte · wall_segment Palisade Wall x1 |
| 2:23 | GAX | Anderson Cassiano · first_building Dock |
| 8:22 | GAX | Gian · wall_segment Palisade Wall x1 |
| 10:00 | GAX | Anderson Cassiano · first_building Barracks |
| 10:18 | Pinheads | peke · first_building Barracks |
| 10:52 | Pinheads | peke · wall_segment Palisade Wall x2 |
| 10:53 | Pinheads | peke · wall_segment Palisade Wall x1 |
| 11:00 | Pinheads | peke · wall_segment Palisade Wall x3 |
| 11:23 | GAX | Anderson Cassiano · age_up feudal |
| 11:25 | GAX | Anderson Cassiano · first_building Archery Range |
| 11:42 | Pinheads | peke · wall_segment Palisade Wall x1 |
| 11:57 | GAX | Mr.P · age_up feudal |
| 12:03 | GAX | Tyrav · age_up feudal |
| 12:07 | Pinheads | peke · age_up feudal |
| 12:09 | Pinheads | peke · first_building Archery Range |
| 12:19 | GAX | Anderson Cassiano · wall_segment Palisade Wall x1 |
| 12:21 | GAX | Anderson Cassiano · wall_segment Palisade Wall x1 |
| 12:22 | GAX | Anderson Cassiano · wall_segment Palisade Wall x1 |
| 12:27 | GAX | Anderson Cassiano · wall_segment Palisade Wall x1 |
| 12:29 | Pinheads | peke · wall_segment Palisade Wall x1 |
| 12:38 | Pinheads | Knolte · wall_segment Palisade Wall x2 |
| 12:44 | Pinheads | ElQueManejaLaCombi · age_up feudal |
| 12:54 | GAX | Anderson Cassiano · wall_segment Palisade Wall x5 |
| 12:58 | GAX | Gian · age_up feudal |
| 13:32 | Pinheads | Sharku · age_up feudal |
| 13:56 | Pinheads | Sharku · wall_segment Palisade Wall x1 |
| 13:59 | Pinheads | Knolte · age_up feudal |
| 14:07 | GAX | Mr.P · wall_segment Palisade Wall x1 |
| 14:08 | GAX | Mr.P · wall_segment Palisade Wall x1 |
| 14:09 | GAX | Mr.P · wall_segment Palisade Wall x1 |
| 14:11 | GAX | Mr.P · wall_segment Palisade Wall x1 |
| 14:23 | GAX | Mr.P · wall_segment Palisade Wall x1 |
| 14:33 | GAX | Mr.P · first_building Barracks |
| 15:08 | Pinheads | Knolte · first_market_sell 100 food |
| 15:08 | GAX | Mr.P · first_market_sell 100 stone |
| 15:09 | GAX | Mr.P · first_market_buy 100 wood |
| 15:21 | GAX | Mr.P · first_building Stable |
| 15:49 | GAX | Mr.P · age_up castle |
| 15:52 | GAX | Mr.P · first_building Siege Workshop |
| 16:00 | GAX | Anderson Cassiano · wall_segment Palisade Wall x1 |
| 16:01 | GAX | Anderson Cassiano · wall_segment Palisade Wall x1 |
| 16:01 | GAX | Anderson Cassiano · wall_segment Palisade Wall x1 |
| 16:02 | GAX | Anderson Cassiano · wall_segment Palisade Wall x1 |
| 16:02 | GAX | Anderson Cassiano · wall_segment Palisade Wall x1 |
| 16:03 | GAX | Anderson Cassiano · wall_segment Palisade Wall x1 |
| 16:03 | GAX | Anderson Cassiano · wall_segment Palisade Wall x2 |
| 16:04 | GAX | Anderson Cassiano · wall_segment Palisade Wall x1 |
| 16:04 | GAX | Anderson Cassiano · wall_segment Palisade Wall x1 |
| 16:29 | GAX | Gian · age_up castle |
| 16:39 | Pinheads | ElQueManejaLaCombi · age_up castle |
| 16:43 | Pinheads | ElQueManejaLaCombi · first_market_buy 100 wood |
| 16:46 | Pinheads | peke · first_market_buy 100 food |
| 16:48 | Pinheads | peke · first_market_sell 100 wood |
| 17:18 | Pinheads | Sharku · age_up castle |
| 17:54 | Pinheads | Knolte · age_up castle |
| 18:13 | Pinheads | Sharku · first_building Castle |
| 18:42 | Pinheads | Knolte · first_building Siege Workshop |
| 19:03 | Pinheads | Sharku · wall_segment Palisade Wall x1 |
| 19:41 | GAX | Gian · first_market_buy 100 wood |
| 19:51 | Pinheads | peke · age_up castle |
| 19:52 | Pinheads | peke · first_building Monastery |
| 20:04 | GAX | Tyrav · age_up castle |
| 20:26 | Pinheads | Sharku · first_building Siege Workshop |
| 20:39 | GAX | Gian · first_building Barracks |
| 21:14 | Pinheads | Sharku · first_building Barracks |
| 21:53 | Pinheads | Sharku · first_market_sell 100 stone |
| 21:53 | Pinheads | Sharku · first_market_buy 100 food |
| 22:55 | Pinheads | ElQueManejaLaCombi · first_building Castle |
| 22:56 | GAX | Gian · first_building Stable |
| 23:45 | GAX | Tyrav · first_market_buy 100 food |
| 24:13 | GAX | Anderson Cassiano · age_up castle |
| 24:29 | GAX | Anderson Cassiano · first_building Castle |
| 24:50 | GAX | Gian · first_market_sell 100 stone |
| 26:12 | GAX | Gian · wall_segment Stone Wall x8 |
| 26:17 | GAX | Gian · wall_segment Stone Wall x22 |
| 26:21 | Pinheads | Knolte · first_building Monastery |
| 26:24 | Pinheads | Sharku · first_building Monastery |
| 26:28 | Pinheads | ElQueManejaLaCombi · first_building Siege Workshop |
| 27:27 | GAX | Gian · wall_segment Stone Wall x1 |
| 27:32 | GAX | Gian · wall_segment Stone Wall x13 |
| 28:39 | Pinheads | ElQueManejaLaCombi · first_building Barracks |
| 28:42 | GAX | Tyrav · first_building Barracks |
| 28:45 | GAX | Mr.P · first_building Castle |
| 28:49 | GAX | Gian · wall_segment Stone Wall x8 |
| 28:52 | GAX | Gian · wall_segment Stone Wall x7 |
| 28:55 | Pinheads | Knolte · first_market_buy 100 wood |
| 28:56 | GAX | Anderson Cassiano · first_market_sell 100 wood |
| 28:57 | GAX | Anderson Cassiano · first_market_buy 100 stone |
| 29:01 | GAX | Gian · wall_segment Stone Wall x8 |
| 29:24 | GAX | Tyrav · first_building Monastery |
| 29:33 | GAX | Gian · first_building Castle |
| 29:37 | GAX | Gian · first_building Monastery |
| 29:49 | Pinheads | ElQueManejaLaCombi · first_building Archery Range |
| 30:06 | GAX | Tyrav · first_building Stable |
| 30:28 | Pinheads | Knolte · first_building Castle |
| 30:34 | Pinheads | peke · wall_segment Stone Wall x1 |
| 30:35 | Pinheads | peke · wall_segment Stone Wall x1 |
| 30:36 | Pinheads | peke · wall_segment Stone Wall x1 |
| 30:37 | Pinheads | peke · wall_segment Stone Wall x1 |
| 30:37 | Pinheads | peke · wall_segment Stone Wall x1 |
| 31:16 | GAX | Gian · wall_segment Stone Wall x3 |
| 31:19 | GAX | Gian · wall_segment Stone Wall x8 |
| 31:21 | GAX | Gian · wall_segment Stone Wall x8 |
| 32:27 | Pinheads | peke · wall_segment Stone Wall x1 |
| 32:27 | Pinheads | peke · wall_segment Stone Wall x1 |
| 32:28 | Pinheads | peke · wall_segment Stone Wall x1 |
| 33:24 | GAX | Gian · age_up imperial |
| 33:31 | GAX | Tyrav · age_up imperial |
| 33:44 | Pinheads | ElQueManejaLaCombi · age_up imperial |
| 34:15 | Pinheads | ElQueManejaLaCombi · first_market_sell 100 wood |
| 34:46 | Pinheads | Sharku · first_building Stable |
| 37:24 | Pinheads | Knolte · first_building Barracks |
| 37:28 | Pinheads | ElQueManejaLaCombi · tribute_sent a jugador 2 |
| 37:28 | Pinheads | ElQueManejaLaCombi · tribute_sent a jugador 3 |
| 37:28 | Pinheads | ElQueManejaLaCombi · tribute_sent a jugador 4 |
| 37:28 | Pinheads | ElQueManejaLaCombi · tribute_sent a jugador 5 |
| 37:28 | Pinheads | ElQueManejaLaCombi · tribute_sent a jugador 6 |
| 37:28 | Pinheads | ElQueManejaLaCombi · tribute_sent a jugador 7 |
| 37:28 | Pinheads | ElQueManejaLaCombi · tribute_sent a jugador 8 |
| 37:43 | GAX | Gian · first_building Archery Range |
| 37:52 | Pinheads | Knolte · age_up imperial |
| 38:13 | Pinheads | Knolte · first_building Stable |
| 39:12 | Pinheads | Sharku · age_up imperial |
| 40:03 | Pinheads | ElQueManejaLaCombi · tribute_sent a jugador 2 |
| 40:03 | Pinheads | ElQueManejaLaCombi · tribute_sent a jugador 3 |
| 40:03 | Pinheads | ElQueManejaLaCombi · tribute_sent a jugador 4 |
| 40:03 | Pinheads | ElQueManejaLaCombi · tribute_sent a jugador 5 |
| 40:03 | Pinheads | ElQueManejaLaCombi · tribute_sent a jugador 6 |
| 40:03 | Pinheads | ElQueManejaLaCombi · tribute_sent a jugador 7 |
| 40:03 | Pinheads | ElQueManejaLaCombi · tribute_sent a jugador 8 |
| 40:07 | GAX | Gian · first_building Siege Workshop |
| 40:47 | GAX | Tyrav · first_building Castle |
| 41:14 | Pinheads | ElQueManejaLaCombi · tribute_sent a jugador 2 |
| 41:14 | Pinheads | ElQueManejaLaCombi · tribute_sent a jugador 3 |
| 41:14 | Pinheads | ElQueManejaLaCombi · tribute_sent a jugador 4 |
| 41:14 | Pinheads | ElQueManejaLaCombi · tribute_sent a jugador 5 |
| 41:14 | Pinheads | ElQueManejaLaCombi · tribute_sent a jugador 6 |
| 41:14 | Pinheads | ElQueManejaLaCombi · tribute_sent a jugador 7 |
| 41:14 | Pinheads | ElQueManejaLaCombi · tribute_sent a jugador 8 |
| 42:02 | Pinheads | ElQueManejaLaCombi · tribute_sent a jugador 2 |
| 42:02 | Pinheads | ElQueManejaLaCombi · tribute_sent a jugador 3 |
| 42:02 | Pinheads | ElQueManejaLaCombi · tribute_sent a jugador 4 |
| 42:02 | Pinheads | ElQueManejaLaCombi · tribute_sent a jugador 5 |
| 42:02 | Pinheads | ElQueManejaLaCombi · tribute_sent a jugador 6 |
| 42:02 | Pinheads | ElQueManejaLaCombi · tribute_sent a jugador 7 |
| 42:02 | Pinheads | ElQueManejaLaCombi · tribute_sent a jugador 8 |
| 44:28 | Pinheads | Knolte · wall_segment Stone Wall x1 |
| 45:24 | Pinheads | Sharku · resign |
| 45:53 | Pinheads | ElQueManejaLaCombi · tribute_sent a jugador 2 |
| 45:53 | Pinheads | ElQueManejaLaCombi · tribute_sent a jugador 3 |
| 45:53 | Pinheads | ElQueManejaLaCombi · tribute_sent a jugador 4 |
| 45:53 | Pinheads | ElQueManejaLaCombi · tribute_sent a jugador 5 |
| 45:53 | Pinheads | ElQueManejaLaCombi · tribute_sent a jugador 6 |
| 45:53 | Pinheads | ElQueManejaLaCombi · tribute_sent a jugador 7 |
| 45:53 | Pinheads | ElQueManejaLaCombi · tribute_sent a jugador 8 |
| 46:09 | Pinheads | ElQueManejaLaCombi · tribute_sent a jugador 2 |
| 46:09 | Pinheads | ElQueManejaLaCombi · tribute_sent a jugador 3 |
| 46:09 | Pinheads | ElQueManejaLaCombi · tribute_sent a jugador 4 |
| 46:09 | Pinheads | ElQueManejaLaCombi · tribute_sent a jugador 5 |
| 46:09 | Pinheads | ElQueManejaLaCombi · tribute_sent a jugador 6 |
| 46:09 | Pinheads | ElQueManejaLaCombi · tribute_sent a jugador 7 |
| 46:09 | Pinheads | ElQueManejaLaCombi · tribute_sent a jugador 8 |
| 46:27 | GAX | Mr.P · age_up imperial |
| 47:22 | GAX | Anderson Cassiano · age_up imperial |
[ ANÁLISIS IA · 1 CRÉDITO ]
¿Qué pasó realmente en esta partida?
Wolo.gg analiza cada decisión: build order, eco, micro, errores típicos por bracket. Análisis personalizado por WhatsApp o Discord en 30 segundos.
Guía civ
Yurchen
Guía mapa
Nomad
Perfil
Jugador #239211